 Dungeon Crawl Stone Soup version 0.24.0 (webtiles) character file.

Game seed: 3468088412183109709, levelgen mode: deterministic

98 Buxparty the Poker (level 4, 0/34 HPs)
             Began as a Mummy Gladiator on Jan 27, 2020.
             Slain by an adder (5 damage)
             ... on level 3 of the Dungeon.
             The game lasted 00:03:50 (2319 turns).

Buxparty the Poker (Mummy Gladiator)                Turns: 2319, Time: 00:03:51

Health: 0/34       AC:  4    Str: 18    XL:     4   Next: 43%
Magic:  4/4        EV: 13    Int:  7    God:
Gold:   122        SH:  0    Dex: 13    Spells: 3/3 levels left

rFire    x . .     SeeInvis .   a - +0 trident
rCold    + . .     Gourm    .   (no shield)
rNeg     + + +     Faith    .   b - +0 leather armour
rPois    ∞         Spirit   .   c - +0 helmet
rElec    .         Reflect  .   f - +0 cloak
rCorr    .         Harm     .   h - -2 pair of gloves (curse)
MR       .....                  (no boots)
Stlth    +.........             (no amulet)
HPRegen  0.11/turn              (no ring)
MPRegen  0.09/turn              (no ring)

@: no status effects
A: no food or potions, fire vulnerability, cold resistance 1, negative energy
resistance 3, torment resistance, unbreathing
a: no special abilities


You were on level 3 of the Dungeon.
You were not hungry.

You visited 1 branch of the dungeon, and saw 4 of its levels.

You collected 122 gold pieces.

Inventory:

Hand Weapons
 a - a +0 trident (weapon)
Missiles
 d - 3 throwing nets (quivered)
Armour
 b - a +0 leather armour (worn)
 c - a +0 helmet (worn)
 f - a +0 cloak (worn)
 h - a cursed -2 pair of gloves (worn)
Jewellery
 l - a +3 ring of dexterity {unknown}
Scrolls
 e - a scroll of magic mapping {unknown}
 g - 3 scrolls of remove curse {unknown}
 i - 3 scrolls of identify {unknown}
 j - a scroll of enchant weapon {unknown}
 k - 2 scrolls of teleportation {unknown}
 m - a scroll of fear {unknown}
 n - 2 scrolls of noise {unknown}
 o - a scroll of fog {unknown}


   Skills:
 + Level 2.9 Fighting
 + Level 3.0 Polearms
 - Level 1.5 Throwing
 + Level 1.5 Armour
 + Level 3.0 Dodging


You had 3 spell levels left.
You didn't know any spells.
Your spell library was empty.

Dungeon Overview and Level Annotations

Branches:
Dungeon (4/15)
 Temple: D:4-7

Altars:


Innate Abilities, Weirdness & Mutations

You do not eat or drink.
Your flesh is vulnerable to fire.
You are immune to poison.
Your flesh is cold resistant. (rC+)
You are immune to negative energy. (rN+++)
You are immune to unholy pain and torment.
You can survive without breathing.


Message History

The adder is severely wounded.
The adder closely misses you. The adder barely misses you.
The giant cockroach misses you.
You closely miss the adder.
The adder is severely wounded.
The adder bites you. The adder barely misses you.
The giant cockroach bites you but does no damage.
The adder bites you.
* * * LOW HITPOINT WARNING * * *
The adder misses you.
You barely miss the adder.
The adder is severely wounded.
The giant cockroach barely misses you. The adder misses you.
The adder bites you but does no damage. The giant cockroach closely misses you.
You closely miss the adder.
The adder is severely wounded.
The adder bites you.
* * * LOW HITPOINT WARNING * * *
The adder bites you.
You die...

###o.##.#..# #.##
##..r..[....##?##.
#.#
##r.#####.......#.
#.#
#####....##.......[..
#.#
.......#..#..........
#.###
..o....##............
#....
.......####..........
#####
Sob............sS##.#
r..............S@#
...............b.#
#######..........#
###########


You could see 2 adders, a giant cockroach and a bat.

Vanquished Creatures
  3 adders
  An ooze (D:1)
  A dart slug (D:1)
  2 leopard geckos
  6 orcs (D:3)
  7 goblins
  2 hobgoblins
  12 jackals
  A ball python (D:1)
  3 bats
  3 frilled lizards
  5 kobolds
  9 rats
55 creatures vanquished.

Notes
Turn   | Place    | Note
-------+----------+-------------------------------------------
     0 | D:1      | Buxparty the Mummy Gladiator began the quest for the Orb.
     0 | D:1      | Reached XP level 1. HP: 16/16 MP: 1/1
   222 | D:1      | Reached XP level 2. HP: 22/22 MP: 2/2
   753 | D:1      | Reached XP level 3. HP: 23/28 MP: 3/3
   821 | D:2      | Reached skill level 1 in Armour
  1706 | D:3      | Reached XP level 4. HP: 34/34 MP: 4/4
  2288 | D:4      | Noticed an ogre
  2319 | D:3      | Slain by an adder

Levels and vault maps discovered:
D:1:      co_arrival_hall_of_pillars, layout_basic, minmay_octomino_c4
D:2:      cheibrodos_old_hovel, layout_loops_corners, first_ration
D:3:      layout_rooms, minmay_door_square
D:4:      layout_cave_pools, serial_shops, kennysheep_mini_moat,
          uniq_crazy_yiuf_cottage
